[Event "*** SCC Grand Prix: Titled Tuesday Blitz"]
[Site "Chess.com"]
[Date "2020.08.11"]
[Round "1"]
[White "shnitez"]
[Black "Sn00pPawn"]
[Result "1-0"]
[WhiteElo "2479"]
[BlackElo "2003"]
[TimeControl "180+1"]
[EndTime "10:07:16 PDT"]
[Termination "shnitez won on time"]

1. c4 e5 2. Nc3 Nf6 3. g3 Nc6 4. Bg2 Bb4 5. Nd5 Bc5 6. d3 O-O 7. Nf3 h6 8. O-O d6 9. a3 a5 10. Rb1 Bf5 11. e4 Bg4 12. Be3 Nxd5 13. cxd5 Nd4 14.
b4 axb4 15. axb4 Bb6 16. Bxd4 Bxd4 17. h3 Bxf3 18. Bxf3 Ra3 19. Qd2 Qg5 20. Qxg5 hxg5 21. Bg4 Rxd3 22. Kg2 Ra8 23. Rfd1 Rxd1 24. Rxd1 Ra2 25.
Rf1 Rb2 26. Bc8 Rxb4 27. Kf3 Rb2 28. Kg4 f6 29. f3 g6 30. h4 gxh4 31. gxh4 Kg7 32.
Rh1 Kh6 33. h5 1-0

[Event "*** SCC Grand Prix: Titled Tuesday Blitz"]
[Site "Chess.com"]
[Date "2020.08.11"]
[Round "1"]
[White "czasnaszachy"]
[Black "chess94cu"]
[Result "0-1"]
[WhiteElo "2226"]
[BlackElo "2587"]
[TimeControl "180+1"]
[EndTime "10:07:17 PDT"]
[Termination "chess94cu won by resignation"]

1. d4 Nf6 2. c4 e6 3. Nc3 Bb4 4. e3 b6 5. Ne2 Bb7 6. a3 Be7 7. Nf4 O-O 8. Bd3 d5 9. cxd5 exd5 10. O-O c5 11. dxc5 bxc5 12. Be2 Bd6 13. Nfxd5 Nxd5 14. Nxd5 Bxd5 15. h3 Nc6 16. Bd2 Be5 17.
Qc2 Qg5 18. e4 Bxe4 19. Qxe4 Qxd2 20. Rad1 Qf4 21. Qxf4 Bxf4 22. Bf3 Rac8 23. Rd5 Nd4 24. Bg4 f5 25. Bd1 Rfd8 26. Rxd8+ Rxd8 27. Re1 Kf7 28. g3 Bg5 29. h4 Bf6 30. Kg2 Rb8 31. Ba4 Rxb2 32. Be8+ Kf8 33. Bh5 g6 34. Bd1 c4 35.
Ba4 c3 36. Re8+ Kf7 37. Rc8 Ne6 38. Be8+ Ke7 39. Ba4 Bd4 0-1

[Event "*** SCC Grand Prix: Titled Tuesday Blitz"]
[Site "Chess.com"]
[Date "2020.08.11"]
[Round "1"]
[White "FeketeBarika"]
[Black "SilviusTiberius"]
[Result "1-0"]
[WhiteElo "2171"]
[BlackElo "2505"]
[TimeControl "180+1"]
[EndTime "10:07:17 PDT"]
[Termination "FeketeBarika won on time"]

1. Nf3 Nf6 2. g3 g6 3. Bg2 Bg7 4. c4 O-O 5. O-O d6 6. Nc3 Nc6 7. d3 e5 8. Rb1 a5 9. a3 Re8 10. b4 axb4 11. axb4 e4 12. Ne1 exd3 13. exd3 Nd4 14.
h3 c6 15. Be3 Nf5 16. Bg5 h6 17. Bf4 g5 18. Bd2 Bd7 19. Kh2 Ra3 20. Nc2 Ra8 21.
Re1 Qb6 22. Qf3 Nd4 23. Nxd4 Qxd4 24. b5 g4 25. hxg4 Nxg4+ 26. Kg1 h5 27. Ne4 Ra3 28. Ng5 f6 29. Rxe8+ Bxe8 30. Re1 Bg6 31. Ne6 Qxd3 32. Be3 Nxe3 33. Rxe3 Ra1+ 34. Kh2 Qb1 35. g4 hxg4 36. Qxg4 Kf7 37. Nxg7 Kxg7 38. Re7+ Kf8 39. Rxb7 Qg1+ 40.
Kg3 Ra3+ 41. f3 Qe1+ 42. Kh3 Bf7 43. Qc8+ Kg7 44. Qd7 Qe5 45. Qxf7+ 1-0

[Event "*** SCC Grand Prix: Titled Tuesday Blitz"]
[Site "Chess.com"]
[Date "2020.08.11"]
[Round "1"]
[White "Bigfish1995"]
[Black "GianmarcoVaR"]
[Result "1-0"]
[WhiteElo "2979"]
[BlackElo "2443"]
[TimeControl "180+1"]
[EndTime "10:07:19 PDT"]
[Termination "Bigfish1995 won by resignation"]

1. Nf3 Nf6 2. c4 b6 3. g3 Bb7 4. Bg2 c5 5. O-O g6 6. d4 cxd4 7. Qxd4 Bg7 8. Nc3 d6 9. Rd1 Nbd7 10. b3 O-O 11. Bb2 Ne4 12. Qe3 Nxc3 13. Bxc3 Bxc3 14.
Qxc3 Nf6 15. Rac1 Rc8 16. Qe3 Rc5 17. b4 Rc7 18. c5 bxc5 19. bxc5 d5 20. Nd4 Qc8 21.
Nb5 d4 22. Qxd4 Rd7 23. Bxb7 Rxb7 24. a4 Qh3 25. f3 Rd7 26. Qe3 a6 27. Rxd7 Qxd7 28. c6 Qd5 29. Na7 e5 30. c7 Qb7 31.
c8=Q Rxc8 32. Nxc8 Kg7 33. Qxe5 1-0

[Event "*** SCC Grand Prix: Titled Tuesday Blitz"]
[Site "Chess.com"]
[Date "2020.08.11"]
[Round "1"]
[White "diablanni"]
[Black "Fighter008"]
[Result "0-1"]
[WhiteElo "2332"]
[BlackElo "2675"]
[TimeControl "180+1"]
[EndTime "10:07:19 PDT"]
[Termination "Fighter008 won on time"]

1. e4 c5 2. Nf3 e6 3. d4 cxd4 4. Nxd4 a6 5. c4 Nf6 6. Nc3 Qc7 7. a3 b6 8. Be3 Bb7 9. f3 Be7 10. Be2 d6 11. O-O Nbd7 12. Rc1 Rc8 13. Qd2 Qb8 14. b4 Bd8 15. Kh1 Bc7 16. Bg1 h5 17. h4 Ne5 18. Rc2 Ng6 19. Bf2 O-O 20. Rb1 Rfd8 21. Qc1 d5 22. exd5 exd5 23. c5 Bf4 24.
Qg1 Bg3 25. c6 Bxc6 26. Bxa6 Bxf2 27. Qxf2 Bb7 28. Bxb7 Qxb7 29. Rbc1 Rc4 30. Nxd5 Rxd4 31. Qxd4 Rxd5 32. Qf2 Qd7 33. Qxb6 Nxh4 34. Qb8+ Kh7 35. Qc7 Qe6 36. a4 Nf5 37. b5 h4 38. b6 h3 39. b7 Nh4 40. b8=Q hxg2+ 41. Kh2 Rh5 0-1

[Event "*** SCC Grand Prix: Titled Tuesday Blitz"]
[Site "Chess.com"]
[Date "2020.08.11"]
[Round "1"]
[White "stolencandy13"]
[Black "David_Paravyan"]
[Result "1/2-1/2"]
[WhiteElo "2437"]
[BlackElo "2878"]
[TimeControl "180+1"]
[EndTime "10:07:20 PDT"]
[Termination "Game drawn by repetition"]

1. e4 c5 2. Nf3 d6 3. d4 cxd4 4.
Nxd4 Nf6 5. Nc3 g6 6. Be3 Bg7 7. f3 O-O 8. Qd2 Nc6 9. O-O-O d5 10. Qe1 e5 11. Nxc6 bxc6 12. exd5 Nxd5 13. Bc4 Be6 14. Ne4 Qc7 15. Bc5 Rfd8 16. Qh4 Qa5 17. Ba3 Nf4 18. Ng5 h5 19. Nxe6 Nxe6 20. Bxe6 fxe6 21. Qe4 Kh7 22. Kb1 Rd5 23. g4 Rb8 24. Be7 h4 25. b3 h3 26.
g5 Rb7 27. Qh4+ Kg8 28. Bf6 Rbd7 29. Rxd5 Qxd5 30. Qxh3 e4 31. fxe4 Qxe4 32. Rc1 Rd2 33. Bxg7 Kxg7 34. Qc3+ Rd4 35. Rd1 e5 36. Rxd4 exd4 37.
Qc5 a6 38. Qd6 Qe1+ 39. Kb2 Qc3+ 40. Kb1 Qe1+ 41. Kb2 Qc3+ 42. Kb1 Qe1+ 1/2-1/2

[Event "*** SCC Grand Prix: Titled Tuesday Blitz"]
[Site "Chess.com"]
[Date "2020.08.11"]
[Round "1"]
[White "dretch"]
[Black "Gerodot71"]
[Result "1-0"]
[WhiteElo "2799"]
[BlackElo "2399"]
[TimeControl "180+1"]
[EndTime "10:07:20 PDT"]
[Termination "dretch won by resignation"]

1. d4 Nf6 2. c4 e6 3. Nc3 Bb4 4. Qc2 d5 5. cxd5 Qxd5 6. Nf3 Qf5 7. Qxf5 exf5 8. Bd2 c6 9. e3 O-O 10. Bd3 g6 11.
Ke2 Re8 12. g3 Nbd7 13. Rhc1 Nb6 14. Kf1 Bd6 15. Be1 Bd7 16. Nd2 h5 17. Nb3 Rad8 18.
Nc5 Bc8 19. b4 a6 20. a4 Nbd5 21. Nxd5 Nxd5 22. b5 cxb5 23. axb5 Bxc5 24. Rxc5 axb5 25. Bxb5 Rf8 26. Ra7 h4 27. Bc4 Nb6 28. Bb3 hxg3 29. hxg3 Rd6 30. Bb4 Rfd8 31. Rc1 R6d7 32. Ba5 Rd6 33. Rc7 Kh7 34. Rxf7+ Kh6 35. Rc7 Be6 36. Bxe6 Rxe6 37. Rcxb7 Rdd6 38. Rh7+ Kg5 39. Kg2 Nd5 40. f4+ 1-0

[Event "*** SCC Grand Prix: Titled Tuesday Blitz"]
[Site "Chess.com"]
[Date "2020.08.11"]
[Round "1"]
[White "gusmaster2262"]
[Black "ChessAurochs"]
[Result "1-0"]
[WhiteElo "2220"]
[BlackElo "2544"]
[TimeControl "180+1"]
[EndTime "10:07:20 PDT"]
[Termination "gusmaster2262 won by resignation"]

1. c4 e5 2. Nc3 Nf6 3. g3 Bb4 4. Bg2 O-O 5. Nf3 Re8 6. O-O Bxc3 7. bxc3 e4 8. Nd4 b6 9. d3 Bb7 10. Rb1 Na6 11. Bg5 Nc5 12. Nb3 d6 13. d4 Ncd7 14.
c5 h6 15. Bd2 Ba6 16. c6 Nb8 17. Qc2 Nxc6 18. c4 Ne7 19. f3 exf3 20. Bxf3 Rb8 21. e4 Ng6 22. Rbe1 Qd7 23. Bg2 Qa4 24. Bxh6 Qxc4 25. Qd2 Bb7 26. Rxf6 gxf6 27. h4 d5 28. h5 Nf8 29. Qf4 Ne6 30. Qg4+ Kh7 31. Bd2 dxe4 32.
Qf5+ Kg7 33. Rf1 Qxf1+ 34. Bxf1 Rbd8 35. h6+ Kf8 36. Qxf6 Bd5 37. h7 1-0

[Event "*** SCC Grand Prix: Titled Tuesday Blitz"]
[Site "Chess.com"]
[Date "2020.08.11"]
[Round "1"]
[White "ShahMatKanal"]
[Black "Oleksandr_Bortnyk"]
[Result "0-1"]
[WhiteElo "2444"]
[BlackElo "2983"]
[TimeControl "180+1"]
[EndTime "10:07:21 PDT"]
[Termination "Oleksandr_Bortnyk won on time"]

1. d4 Nf6 2. c4 b6 3. Nc3 Bb7 4.
Nf3 g6 5. d5 Bg7 6. e4 d6 7.
Bd3 O-O 8. O-O c6 9. h3 Nbd7 10. Bf4 cxd5 11. cxd5 Nc5 12. Bc2 a5 13. Rc1 Ba6 14.
Re1 b5 15. Nd4 b4 16. Na4 Nfd7 17. Nc6 Qe8 18. Nxc5 dxc5 19. e5 Bb5 20. Ba4 Bxa4 21. Qxa4 Nb6 22. Qb3 e6 23. Rxc5 Nxd5 24. Bg5 h6 25. Bh4 g5 26. Bg3 a4 27. Qf3 Qd7 28.
h4 a3 29. hxg5 hxg5 30. bxa3 Rxa3 31. Qg4 Rc8 32. Rec1 Rc3 33. R5xc3 bxc3 34. Nd4 Rc4 35. Qd1 Nb4 36. Nb3 Qxd1+ 37. Rxd1 c2 38. Rd8+ Kh7 39. Nc1 g4 40. Kf1 Bh6 41. Ne2 Nxa2 42. Nc1 Nxc1 0-1

[Event "*** SCC Grand Prix: Titled Tuesday Blitz"]
[Site "Chess.com"]
[Date "2020.08.11"]
[Round "1"]
[White "narutosmith"]
[Black "ENEASZ"]
[Result "1-0"]
[WhiteElo "2260"]
[BlackElo "2579"]
[TimeControl "180+1"]
[EndTime "10:07:21 PDT"]
[Termination "narutosmith won by resignation"]

1. c4 Nf6 2. Nc3 e6 3. e4 d5 4. e5 Nfd7 5. cxd5 Nxe5 6. dxe6 Bxe6 7. d4 Ng6 8. d5 Bf5 9. Nf3 Nd7 10. Bc4 Bc5 11.
O-O O-O 12. h3 Nf6 13. Bg5 h6 14. Bxf6 Qxf6 15. Qb3 Rab8 16. Nd2 Nf4 17. Nce4 Nxh3+ 18. gxh3 Bxe4 19. Nxe4 Qg6+ 20. Ng3 b5 21. Be2 Rfe8 22.
Bh5 Qf6 23. Qf3 Qe7 24. Nf5 Qg5+ 25. Kh1 Re5 26. Nxg7 Qxg7 27. Rg1 Rg5 28. h4 Rg6 29. Bxg6 fxg6 30. Qd3 Rb6 31. Rg2 Qf6 32. Rag1 Qxh4+ 33. Rh2 Qf6 34. Rxh6 Kg7 35. Rhxg6+ Qxg6 36. Rxg6+ Rxg6 37. Qc3+ Kh6 38. Qxc5 Ra6 39. Qxc7 Rxa2 40. Qf4+ Kg6 41. Qb4 Ra1+ 42. Kg2 Rd1 43. Qe4+ Kf6 44. Qf3+ Ke5 45. Qxd1 1-0

[Event "*** SCC Grand Prix: Titled Tuesday Blitz"]
[Site "Chess.com"]
[Date "2020.08.11"]
[Round "1"]
[White "stanyga"]
[Black "chess_rehab"]
[Result "1-0"]
[WhiteElo "2649"]
[BlackElo "2303"]
[TimeControl "180+1"]
[EndTime "10:07:22 PDT"]
[Termination "stanyga won by resignation"]

1. e4 c5 2. Nf3 d6 3. Bb5+ Bd7 4.
Bxd7+ Qxd7 5. O-O Nc6 6. c3 d5 7.
exd5 Qxd5 8. d4 e6 9. Qa4 Nf6 10. Na3 Qd7 11. dxc5 Bxc5 12. Rd1 Qe7 13. b4 Bxf2+ 14.
Kxf2 Ne4+ 15. Kg1 Nxc3 16. Qb3 Nxd1 17. Bd2 O-O 18. Rxd1 Rfd8 19. Re1 Rac8 20. Bc3 Rd3 21. Qc4 Rcd8 22. Nc2 Rd1 23. Rxd1 Rxd1+ 24. Kf2 h6 25. Ne3 Rc1 26. Qb3 Qc7 27. Qb2 Rxc3 28. Qxc3 Qb6 29.
a3 a5 30. bxa5 Qxa5 31. Qxa5 Nxa5 32. Ke2 Kf8 33. Kd3 f6 34. Nc4 Nxc4 35. Kxc4 Ke7 36. Kc5 e5 37. Kb6 e4 38. Ne1 Kd6 39. a4 f5 40. a5 f4 41. Kxb7 1-0

[Event "*** SCC Grand Prix: Titled Tuesday Blitz"]
[Site "Chess.com"]
[Date "2020.08.11"]
[Round "1"]
[White "chenxiaoyuer"]
[Black "creativity"]
[Result "1-0"]
[WhiteElo "2473"]
[BlackElo "1965"]
[TimeControl "180+1"]
[EndTime "10:07:22 PDT"]
[Termination "chenxiaoyuer won by checkmate"]

1. e4 e5 2. Nf3 Nc6 3. Bb5 a6 4. Ba4 Nf6 5. d3 b5 6. Bb3 Be7 7. O-O d6 8. a3 O-O 9. Nc3 h6 10. h3 Na5 11. Ba2 c5 12. Be3 Nc6 13. Nd5 Nxd5 14.
Bxd5 Bd7 15. a4 Rb8 16. axb5 axb5 17. c3 Kh7 18. Nd2 f5 19. exf5 Rxf5 20. Be4 Qf8 21. g4 d5 22. Bxf5+ Bxf5 23. gxf5 Qxf5 24. Qg4 Qf7 25. f4 e4 26. dxe4 d4 27. cxd4 cxd4 28. Bf2 Bb4 29. Nf3 Rd8 30. Rfd1 d3 31. Qf5+ Qxf5 32. exf5 Ne7 33. Ne5 Nxf5 34. Rxd3 Rc8 35. Rb3 Bd2 36. Rxb5 Rf8 37. Nd3 h5 38. Ra7 h4 39. Rd7 Rf6 40. Kf1 Ng3+ 41. Bxg3 hxg3 42. Kg2 Bxf4 43. Nxf4 Rxf4 44. Rg5 Rf2+ 45. Kxg3 Rxb2 46. Rdxg7+ Kh6 47. R7g6+ Kh7 48. Rf6 Rb3+ 49. Kh4 Rb4+ 50. Kh5 Rb3 51. Rh6# 1-0

[Event "*** SCC Grand Prix: Titled Tuesday Blitz"]
[Site "Chess.com"]
[Date "2020.08.11"]
[Round "1"]
[White "c_r_e_e_p_e_r"]
[Black "EugeneRougon"]
[Result "0-1"]
[WhiteElo "2372"]
[BlackElo "2740"]
[TimeControl "180+1"]
[EndTime "10:07:23 PDT"]
[Termination "EugeneRougon won by resignation"]

1. e4 e5 2. Nf3 Nc6 3. Bb5 a6 4. Ba4 d6 5. d4 b5 6. Bb3 Nxd4 7.
Nxd4 exd4 8. Qxd4 Nf6 9. Bd5 Rb8 10. O-O Be7 11. Bc6+ Bd7 12. Bxd7+ Qxd7 13. Nc3 O-O 14. Nd5 Nxd5 15. exd5 Bf6 16. Qd3 Rfe8 17. c3 Qg4 18. f3 Qc4 19. Qd1 Re5 20. Re1 Rbe8 21. Bd2 Qxd5 22.
Qc2 Qc5+ 23. Kf1 Qc4+ 24. Kg1 Re2 25. Qf5 R8e6 26. b3 Qc5+ 27. Qxc5 dxc5 28. Rad1 Rxd2 29. Rxd2 Rxe1+ 30. Kf2 Re8 31. Rd7 Bxc3 32. Rxc7 Bd4+ 33. Kf1 g6 34. Rc6 Re6 35. Rc8+ Kg7 36. Rc7 h5 37. g3 Re3 38. f4 Rf3+ 39. Kg2 Rf2+ 40. Kh3 Rxa2 41.
f5 g5 42. g4 Be5 43. gxh5 Bxc7 0-1

[Event "*** SCC Grand Prix: Titled Tuesday Blitz"]
[Site "Chess.com"]
[Date "2020.08.11"]
[Round "1"]
[White "alfiefischer77"]
[Black "Korchmar_Vasiliy"]
[Result "1-0"]
[WhiteElo "2294"]
[BlackElo "2613"]
[TimeControl "180+1"]
[EndTime "10:07:23 PDT"]
[Termination "alfiefischer77 won by resignation"]

1. e4 c6 2. d4 d5 3. exd5 cxd5 4. c4 Nf6 5. Nc3 g6 6. cxd5 Bg7 7. Bb5+ Nbd7 8. d6 O-O 9. dxe7 Qxe7+ 10. Nge2 Rd8 11. O-O Nb6 12. Re1 Bg4 13. h3 Bf5 14. Ng3 Qb4 15. Nxf5 gxf5 16. a3 Qxd4 17. Qxd4 Rxd4 18. Be3 Rd6 19. Rad1 Rad8 20. Bxb6 axb6 21. Rxd6 Rxd6 22.
Re7 Bh6 23. Rxb7 Bc1 24. Na4 Ne4 25. g3 f4 26. gxf4 Rd2 27. Nxb6 Nxf2 28. Nc4 Nxh3+ 29. Kf1 Rf2+ 30. Ke1 Bxf4 31. a4 Bg3 32. Kd1 Nf4 33. a5 Nd3 34. a6 Nxb2+ 35. Nxb2 Rxb2 36. a7 Ra2 37. Rb8+ Kg7 38. a8=Q Rxa8 39. Rxa8 1-0

[Event "*** SCC Grand Prix: Titled Tuesday Blitz"]
[Site "Chess.com"]
[Date "2020.08.11"]
[Round "1"]
[White "artichaud"]
[Black "Sophist4Life"]
[Result "0-1"]
[WhiteElo "2157"]
[BlackElo "2524"]
[TimeControl "180+1"]
[EndTime "10:07:23 PDT"]
[Termination "Sophist4Life won on time"]

1. e4 c5 2. Nf3 d6 3. d4 cxd4 4.
Nxd4 Nf6 5. Nc3 a6 6. h3 e5 7.
Nde2 Be7 8. g4 h6 9. Bg2 Be6 10. Ng3 g6 11. Be3 Nbd7 12. Qd2 Bf8 13. a4 Qc7 14.
O-O Rc8 15. a5 h5 16. g5 h4 17. Nge2 Nh5 18. f4 exf4 19. Nxf4 Nxf4 20. Bxf4 Ne5 21.
Rf2 Bg7 22. Nd5 Bxd5 23. Qxd5 Qc6 24. Rd1 Qxd5 25. Rxd5 Rc6 26. b3 Ke7 27. c4 Rc5 28. Rfd2 Rxd5 29. exd5 f5 30. gxf6+ Bxf6 31. Be4 g5 32. Be3 g4 33. hxg4 Nxg4 34. Bf4 h3 35.
Bf5 Rg8 36. Be6 Rg7 37. Kh1 Be5 38. Bxg4 Bxf4 39. Re2+ Be5 40. Bxh3 Rg3 41. Bc8 Rxb3 42. Kg2 Rb4 43. Kf3 Kd8 44. Be6 Rxc4 45. Rg2 Kc7 46. Rg8 Rc3+ 47. Ke4 b5 48. Bc8 Ra3 0-1

[Event "*** SCC Grand Prix: Titled Tuesday Blitz"]
[Site "Chess.com"]
[Date "2020.08.11"]
[Round "1"]
[White "Paladin61"]
[Black "novocane"]
[Result "1-0"]
[WhiteElo "2615"]
[BlackElo "2269"]
[TimeControl "180+1"]
[EndTime "10:07:24 PDT"]
[Termination "Paladin61 won by checkmate"]

1. b3 e5 2. Bb2 Nc6 3. e3 Nf6 4. Bb5 Bd6 5. Na3 a6 6. Be2 O-O 7. Nc4 Qe7 8. Nxd6 Qxd6 9. d3 Re8 10. Nf3 Qe6 11. c4 b6 12. O-O Bb7 13. a3 d5 14.
cxd5 Nxd5 15. Rc1 Rad8 16. Qc2 h6 17. b4 Qg6 18. Rfe1 Kh8 19. Bf1 f5 20. g3 Nf6 21.
Nh4 Qh7 22. Bg2 e4 23. dxe4 Nxe4 24. Rcd1 Rxd1 25. Rxd1 Kg8 26. Rd7 Re7 27. Rxe7 Nxe7 28. Qxc7 g5 29. Nf3 Bd5 30. Qd8+ Kf7 31. Ne5+ Ke6 32.
Qxb6+ Nc6 33. Nxc6 Nxf2 34. Nd4+ Ke5 35. Nf3+ Ke4 36.
Qd4# 1-0

[Event "*** SCC Grand Prix: Titled Tuesday Blitz"]
[Site "Chess.com"]
[Date "2020.08.11"]
[Round "1"]
[White "JoliyRoger"]
[Black "AlexTriapishko"]
[Result "0-1"]
[WhiteElo "2326"]
[BlackElo "2667"]
[TimeControl "180+1"]
[EndTime "10:07:25 PDT"]
[Termination "AlexTriapishko won by resignation"]

1. Nf3 d5 2. c4 d4 3. d3 Nc6 4. e3 e5 5. Be2 Bb4+ 6. Kf1 Nf6 7.
e4 a5 8. h3 O-O 9. g3 Nd7 10.
Kg2 Bd6 11. Bg5 f6 12. Bc1 Nc5 13. Nbd2 f5 14. Nb3 fxe4 15. dxe4 Nxe4 16. Bd3 Bf5 17. Re1 Nc5 18. Nxc5 Bxc5 19. Nxe5 Qf6 20. f4 Bb4 21. Bxf5 Qxf5 22. Bd2 Rad8 23. a3 Bxd2 24. Qxd2 d3 25. Re3 Nxe5 26. Rxe5 Qf7 27. b3 a4 28. Re3 axb3 29.
Rxd3 Qf6 30. Rb1 Rxd3 31. Qxd3 Rd8 32. Qe2 Qc6+ 33. Kh2 Re8 34. Qf2 Qxc4 35. Re1 Rxe1 36. Qxe1 Kf7 37. Qe5 g6 38. f5 Qc2+ 39. Kh1 gxf5 40.
Qd5+ Kf6 41. h4 Qe4+ 0-1

[Event "*** SCC Grand Prix: Titled Tuesday Blitz"]
[Site "Chess.com"]
[Date "2020.08.11"]
[Round "1"]
[White "TregubovP"]
[Black "PauloCesarCosta_sad"]
[Result "1-0"]
[WhiteElo "2595"]
[BlackElo "2240"]
[TimeControl "180+1"]
[EndTime "10:07:25 PDT"]
[Termination "TregubovP won on time"]

1. e4 e6 2. d4 d5 3. exd5 exd5 4. Nf3 Bd6 5. c4 Nf6 6. c5 Be7 7. Bd3 O-O 8. O-O Bg4 9. Nbd2 Nc6 10. Qb3 Rb8 11.
h3 Bh5 12. Bb5 Ne4 13. Bxc6 Nxd2 14. Nxd2 bxc6 15. Qg3 Bf6 16. Nb3 Re8 17. Bf4 Rc8 18.
Rfe1 Rxe1+ 19. Rxe1 Kf8 20. Be5 Bg6 21. Na5 Bxe5 22.
Qxe5 Qd7 23. b4 f6 24. Qe6 Qxe6 25. Rxe6 Bb1 26. a3 Re8 27. Rxe8+ Kxe8 28. Nxc6 a6 29. f3 g6 30. Kf2 Bd3 31. Ke3 Bb5 32. Na5 c6 33.
Nb3 Kd7 34. Na5 Bc4 35. Nxc4 dxc4 36. Kd2 Ke6 37. Kc3 Kd5 38. h4 g5 39. h5 f5 40.
g3 h6 41. a4 a5 42. bxa5 f4 43.
g4 Ke6 44. Kxc4 Kd7 45. d5 Kc7 46. d6+ Kb7 47. a6+ 1-0

[Event "*** SCC Grand Prix: Titled Tuesday Blitz"]
[Site "Chess.com"]
[Date "2020.08.11"]
[Round "1"]
[White "QueenOfTactics90"]
[Black "bazar-wokzal"]
[Result "0-1"]
[WhiteElo "1943"]
[BlackElo "2468"]
[TimeControl "180+1"]
[EndTime "10:07:25 PDT"]
[Termination "bazar-wokzal won on time"]

1. e4 Nc6 2. d4 d5 3. e5 h5 4. h3 Bf5 5. Nf3 Qd7 6. Bd3 O-O-O 7. c3 f6 8. Bf4 g5 9. Bh2 g4 10. Nh4 Bxd3 11. Qxd3 fxe5 12. dxe5 Bg7 13. Ng6 Rh6 14. Bf4 Qe6 15. Bxh6 Nxe5 16. Nxe5 Nxh6 17. O-O Qxe5 18. Nd2 Qf4 19. Rad1 Be5 20. g3 Qf6 21. h4 Nf5 22. Ne4 Qb6 23. Ng5 Nxg3 24. Rfe1 Bd6 25. Kg2 Ne4 26. Nxe4 dxe4 27. Rxe4 Qxb2 28. Re2 Qb6 29. Qf5+ Kb8 30. Re6 Qb2 31. Qxh5 Qxa2 32. Qf7 Qa4 33. Rde1 a5 0-1

[Event "*** SCC Grand Prix: Titled Tuesday Blitz"]
[Site "Chess.com"]
[Date "2020.08.11"]
[Round "1"]
[White "ChessWarrior7197"]
[Black "profofchess"]
[Result "1-0"]
[WhiteElo "2901"]
[BlackElo "2429"]
[TimeControl "180+1"]
[EndTime "10:07:26 PDT"]
[Termination "ChessWarrior7197 won on time"]

1. e4 e6 2. d4 d5 3. Bd3 dxe4 4. Bxe4 Nf6 5. Bf3 Bd6 6. Ne2 Nbd7 7. O-O e5 8. Nbc3 O-O 9. Bg5 h6 10. Bh4 Re8 11.
dxe5 Nxe5 12. Nd4 Bc5 13. Ndb5 c6 14. Bxf6 Qxf6 15. Nc7 Rd8 16. Ne4 Qe7 17. Qe2 Rb8 18.
Nxc5 Nxf3+ 19. Qxf3 Qxc5 20. Rad1 Bf5 21. c3 Bg6 22. h4 Qa5 23. Qg3 Qxa2 24. Rfe1 Qxb2 25. Rxd8+ Rxd8 26. Kh2 Qd2 27. Re8+ Rxe8 28. Nxe8 Qd8 29. Nd6 b5 30. Qf4 Qf6 31. Qg3 a5 32. h5 Bxh5 33.
Ne8 Qg5 34. Qd6 Qh4+ 35. Kg1 Qg5 36. Qd4 Kh7 37. Nd6 Qg6 38. Nc8 a4 39. Ne7 Qb1+ 40.
Kh2 Bg6 41. Qd8 1-0

[Event "*** SCC Grand Prix: Titled Tuesday Blitz"]
[Site "Chess.com"]
[Date "2020.08.11"]
[Round "1"]
[White "tigra"]
[Black "Artem_Sadovsky"]
[Result "1-0"]
[WhiteElo "2872"]
[BlackElo "2421"]
[TimeControl "180+1"]
[EndTime "10:07:26 PDT"]
[Termination "tigra won on time"]

1. e4 c6 2. d4 d5 3. e5 c5 4. dxc5 Nc6 5. Nf3 Bg4 6. Bb5 e6 7. Be3 Qc7 8. c3 Ne7 9. Nbd2 Ng6 10. Qa4 Bxf3 11. Nxf3 a6 12. b4 Be7 13. Bxc6+ bxc6 14. Nd4 Nxe5 15. O-O O-O 16. Bf4 Nf3+ 17. Nxf3 Qxf4 18.
Qxc6 Bf6 19. Rac1 Rfc8 20. Qa4 Rxc5 21. g3 Qc4 22. Nd2 Qb5 23. Qb3 Rc7 24. c4 dxc4 25. Rxc4 Rxc4 26. Nxc4 Rb8 27. Rb1 h5 28. a4 Qd5 29. Ne3 Qf3 30. Qd3 h4 31. Qxa6 h3 32. Qf1 Bd4 33. Nc4 Qd5 34. b5 Rc8 35. Rc1 Bxf2+ 36.
Kxf2 Qd4+ 37. Kf3 Rc5 38. Ne3 1-0

[Event "*** SCC Grand Prix: Titled Tuesday Blitz"]
[Site "Chess.com"]
[Date "2020.08.11"]
[Round "1"]
[White "Legendinunknown"]
[Black "tteshan"]
[Result "1-0"]
[WhiteElo "2589"]
[BlackElo "2233"]
[TimeControl "180+1"]
[EndTime "10:07:26 PDT"]
[Termination "Legendinunknown won by resignation"]

1. d4 Nf6 2. c4 e6 3. Nf3 c5 4. d5 exd5 5. cxd5 d6 6. Nc3 g6 7. Nd2 Bg7 8. e4 O-O 9. Be2 Re8 10. O-O Na6 11. f3 Nc7 12. a4 b6 13. Nc4 Ba6 14.
Bf4 Bxc4 15. Bxc4 a6 16. Qd2 Qe7 17. e5 dxe5 18. d6 Qd7 19. Bg5 Ne6 20. Bxf6 Bxf6 21. Nd5 Bd8 22. f4 exf4 23. Nxf4 Bg5 24. g3 Bxf4 25.
gxf4 Nd4 26. f5 Qxd6 27. fxg6 Nf3+ 28. Rxf3 Qxd2 29. gxf7+ Kh8 30. fxe8=Q+ Rxe8 31. Bxa6 Qd4+ 32. Kh1 Qxb2 33. Raf1 Qb4 34. Bb5 Re7 35. Rg3 Qe4+ 36. Kg1 h5 37. Rf8+ Kh7 38. Bd3 c4 39. Bxe4+ Rxe4 40. Rc8 c3 41. Rgxc3 1-0

[Event "*** SCC Grand Prix: Titled Tuesday Blitz"]
[Site "Chess.com"]
[Date "2020.08.11"]
[Round "1"]
[White "Roaccutane"]
[Black "Kaua18"]
[Result "1-0"]
[WhiteElo "2600"]
[BlackElo "2245"]
[TimeControl "180+1"]
[EndTime "10:07:27 PDT"]
[Termination "Roaccutane won by resignation"]

1. d4 Nf6 2. c4 e6 3. Nf3 b6 4. g3 Bb7 5. Bg2 Bb4+ 6. Nbd2 O-O 7. O-O d5 8. cxd5 exd5 9. a3 Bd6 10. b4 Nbd7 11. Bb2 Re8 12. Rc1 Ne4 13. Nh4 Ndf6 14. Nf5 Bf8 15. Nxe4 Nxe4 16. Qc2 c6 17. f3 Nd6 18.
Nxd6 Bxd6 19. e4 f6 20. Rfe1 a5 21. e5 Bf8 22. bxa5 Rxa5 23. f4 Bxa3 24. Bxa3 Rxa3 25. Bh3 fxe5 26. fxe5 c5 27. dxc5 d4 28. c6 Bc8 29. c7 Qd5 30. Bg2 Qf7 31. Qc6 Ra2 32. Bd5 Be6 33. Bxe6 Rxe6 34. c8=Q+ 1-0

[Event "*** SCC Grand Prix: Titled Tuesday Blitz"]
[Site "Chess.com"]
[Date "2020.08.11"]
[Round "1"]
[White "The_Machine04"]
[Black "Oglob71"]
[Result "1-0"]
[WhiteElo "2237"]
[BlackElo "2566"]
[TimeControl "180+1"]
[EndTime "10:07:27 PDT"]
[Termination "The_Machine04 won by resignation"]

1. d4 Nf6 2. Bg5 d5 3. e3 e6 4. Nd2 Be7 5. Bd3 b6 6. c3 Bb7 7.
Bxf6 Bxf6 8. f4 Nd7 9. Ngf3 c5 10. O-O O-O 11. Ne5 g6 12. g4 Bg7 13. Ndf3 Nf6 14. h4 Ne4 15. g5 f6 16. gxf6 Bxf6 17. Bxe4 dxe4 18. Ng5 Qe7 19. Qg4 Bxe5 20. fxe5 Rf5 21. Nxe4 Bxe4 22. Qxe4 Raf8 23. Rxf5 gxf5 24. Qf4 Kh8 25.
Kf2 cxd4 26. exd4 Rg8 27. Rg1 Rxg1 28. Kxg1 Qb7 29. Qg5 Qd5 30. b3 b5 31. h5 Qf3 32.
Qf6+ Kg8 33. Qxe6+ Kf8 34. Qf6+ Kg8 35. Qg5+ Kf7 36.
e6+ Kxe6 37. Qg8+ Kd6 38. Qb8+ Ke7 39. Qxa7+ Kf6 40. Qb6+ Kg5 41. Qd8+ Kf4 42. Qd6+ Ke3 43. Qe5+ Kd3 44. Qh2 Kxc3 45. Qf2 Qd1+ 46. Kg2 Qg4+ 47. Qg3+ Kxd4 48. Qxg4+ fxg4 49. a4 b4 50. a5 Kc3 51.
a6 Kxb3 52. a7 Kc2 53. a8=Q b3 54. Qc6+ Kd2 55. Qb5 Kc3 56. Qc5+ Kd2 57. Qd5+ Kc2 58. Qc4+ Kb2 59. Kg3 h6 60. Kxg4 Ka1 61. Kf5 b2 62. Qc3 Ka2 63. Qxb2+ Kxb2 64. Kg6 Kc3 65. Kxh6 Kd4 66.
Kg7 Ke5 67. h6 1-0

[Event "*** SCC Grand Prix: Titled Tuesday Blitz"]
[Site "Chess.com"]
[Date "2020.08.11"]
[Round "1"]
[White "Politov_Pavel"]
[Black "smshk35"]
[Result "0-1"]
[WhiteElo "2058"]
[BlackElo "2495"]
[TimeControl "180+1"]
[EndTime "10:07:27 PDT"]
[Termination "smshk35 won by resignation"]

1. d4 Nf6 2. c4 e6 3. Nc3 Bb4 4. f3 d5 5. e3 O-O 6. a3 Be7 7. Bd3 c5 8. cxd5 Nxd5 9. Nxd5 Qxd5 10. Be4 Qd6 11. Qc2 f5 12. dxc5 Qxc5 13. Qxc5 Bxc5 14. Bc2 Nc6 15. Ne2 Ne5 16. Nd4 Nc6 17. Nxc6 bxc6 18. O-O Ba6 19. Re1 Rfd8 20. b4 Bb6 21.
Bb3 Kf7 22. Kf2 Rd3 23. Bc2 Rc3 24. Ra2 Rd8 25. Bb1 f4 26. Rc2 fxe3+ 27. Kg3 Rxc2 28. Bxc2 Bd3 29. Ba4 e2 30. Bxc6 Bc4 31. Bb2 Rd1 32. Bc3 Bd4 33. Ba4 Bxc3 34. Rxd1 exd1=Q 35. Bxd1 Bb2 36. a4 Bc3 37. b5 Kf6 38. Bc2 h6 39. f4 e5 40. fxe5+ Kxe5 41. Kf3 Kd4 42. g4 Kc5 43. h4 Kb4 44. g5 hxg5 45. hxg5 Bb3 46.
Bd3 Bxa4 47. Be4 Bxb5 48. Bb1 a5 49. Kf4 a4 50. Ba2 Bc4 51. Bb1 a3 0-1